 Dungeon Crawl Stone Soup version 0.27.1-33-g824d729ab1 (webtiles) character file.

Game seed: 9341628335724656270

29 bpung the Covered (level 3, -3/23 HPs)
             Began as a Gargoyle Fighter on Dec 1, 2021.
             Slain by Terence (4 damage)
             ... on level 1 of the Dungeon.
             The game lasted 00:02:14 (947 turns).

bpung the Covered (Gargoyle Fighter)                 Turns: 947, Time: 00:02:14

Health: -3/23      AC: 14    Str: 17 (20) XL:     3   Next: 16%
Magic:  3/3        EV:  6    Int:  6 (8)  God:
Gold:   46         SH:  8    Dex:  8 (9)  Spells: 2/2 levels left

rFire    . . .     SeeInvis .   a - +0 flail
rCold    . . .     Faith    .   c - +0 kite shield
rNeg     + + .     Spirit   .   k - +0 pearl dragon scales
rPois    ∞         Reflect  .   (no helmet)
rElec    +         Harm     .   (no cloak)
rCorr    .         Rampage  .   (no gloves)
Will     .....                  (no boots)
Stlth    ..........             (no amulet)
HPRegen  0.07/turn              (no ring)
MPRegen  0.08/turn              (no ring)

@: brilliant
A: sickness immunity, AC +3, negative energy resistance 1, electricity
resistance, torment resistance 1, petrification resistance
a: no special abilities


You were on level 1 of the Dungeon.
You visited 1 branch of the dungeon, and saw 2 of its levels.

You collected 46 gold pieces.

Inventory:

Hand Weapons
 a - a +0 flail (weapon)
Armour
 c - a +0 kite shield (worn)
 k - +0 pearl dragon scales (worn)
Jewellery
 j - an amulet of magic regeneration
Scrolls
 b - a scroll of magic mapping {unknown}
 e - a scroll of fear {unknown}
 f - a scroll of blinking {unknown}
 g - 2 scrolls of acquirement {unknown}
 l - a scroll of vulnerability {unknown}
Potions
 d - a potion of might
 m - a potion of lignification {unknown}


   Skills:
 + Level 3.6 Fighting
 + Level 2.4 Maces & Flails
 + Level 3.6 Armour
 + Level 3.6 Shields


You had 2 spell levels left.
You didn't know any spells.
Your spell library contained the following spells:

 Spells                   Type           Power      Damage    Failure   Level
 Petrify                  Tmut/Erth      0%         N/A       100%        4
 Metabolic Englaciation   Hex/Ice        0%         N/A       100%        5
 Chain Lightning          Conj/Air       0%         N/A       100%        9
 Fire Storm               Conj/Fire      0%         5d1       100%        9
 Statue Form              Tmut/Erth      Unusable   N/A       N/A         6

Dungeon Overview and Level Annotations

Branches:
Dungeon (2/15)

Altars:

Annotations:
D:1 Terence


Innate Abilities, Weirdness & Mutations

You are immune to sickness and miasma.
Your stone body is resilient. (AC +3)
You are immune to poison.
You resist negative energy. (rN+)
You are resistant to electric shocks. (rElec)
You are resistant to unholy torment.
You are immune to petrification.


Message History

The kobold shouts! x2
The endoplasm quivers. x2
Found a trident and two spears.
Found an escape hatch in the ceiling.
Terence screams, "I want your blood!"
Found a scroll labelled PIWIRY VO SAS.
You see here a +0 spear.
The kobold hits you but does no damage. You block Terence's attack.
You sock the kobold!
You kill the kobold!
You block Terence's attack. The endoplasm freezes you.
You are frozen.
There is an escape hatch in the ceiling here.
Terence hits you with a +0 mace. The endoplasm freezes you.
You are frozen.
A mysterious force pulls you upwards. The hatch slams shut behind you.
You hit Terence but do no damage. You block Terence's attack.
The endoplasm freezes you.
You are frozen.
You hit the endoplasm.
The endoplasm is heavily wounded.
Terence hits you with a +0 mace.
* * * LOW HITPOINT WARNING * * *
The endoplasm freezes you.
You are frozen.
* * * LOW HITPOINT WARNING * * *
Terence barely misses you. The endoplasm freezes you.
You are frozen.
* * * LOW HITPOINT WARNING * * *
Unknown command.
It was a potion of degeneration.
There was something very wrong with that liquid.
You feel weakened.
You feel dopey.
You feel clumsy. You block Terence's attack. You block the endoplasm's attack.
It was a potion of brilliance.
You feel clever all of a sudden. Terence hits you with a +0 mace.
You die...

........#'### #...# ..
###.........# ##'####### ...
#.........########........
...+
#.........##..........)##.##..
###.........''...........+
.............#...........#
.............#...........##
.......#....†#.J............
########.....#..@@........#.
#.....#............#
#.....#.....(........
#.....#..............
#.....#...........##.
#.....#...........#
###################


You could see Terence and an endoplasm.

Vanquished Creatures
  2 dart slugs (D:1)
  A bat (D:1)
  3 endoplasms (D:1)
  A giant cockroach (D:1)
  3 goblins (D:1)
  4 hobgoblins (D:1)
  4 ball pythons (D:1)
  A frilled lizard (D:1)
  3 kobolds
  2 rats (D:1)
24 creatures vanquished.

Notes
Turn   | Place    | Note
-------+----------+-------------------------------------------
     0 | D:1      | bpung the Gargoyle Fighter began the quest for the Orb.
     0 | D:1      | Reached XP level 1. HP: 14/14 MP: 1/1
   152 | D:1      | Reached XP level 2. HP: 11/19 MP: 2/2
   497 | D:1      | Reached XP level 3. HP: 14/23 MP: 3/3
   933 | D:1      | You fall into a shaft and drop 1 floor!
   933 | D:2      | Noticed Terence
   945 | D:1      | HP: 1/23 [frozen (1)]
   947 | D:1      | Slain by Terence

Illustrated notes

Levels and vault maps discovered:
D:1:      minmay_arrival_cross, layout_basic,
          hellmonk_ecumenical_altar_heavens_door, minmay_heptomino_o4
D:2:      layout_rooms, uniq_terence, uniq_natasha

Action                   || total
-------------------------++-------
Melee: Flail             ||    62
  Use: Potion            ||     2
Armor: Scale mail        ||    14
       Pearl dragon scal ||     8
Dodge: Dodged            ||    18
Block: Kite shield       ||    38
